 Dungeon Crawl Stone Soup version 0.25-a0-44-g29a1220 (webtiles) character file.

Game seed: 12978988478929881129, levelgen mode: deterministic

519342 Faca the Merfolkian Porcupine (level 25, -11/210 HPs)
             Began as a Merfolk Gladiator on Oct 22, 2019.
             Was the Champion of Okawaru.
             Mangled by a stone giant (14 damage)
             ... while paralysed by a floating eye
             ... on level 5 of the Vaults on Oct 23, 2019.
             The game lasted 04:01:37 (57684 turns).

Faca the Merfolkian Porcupine (Merfolk Gladiator)  Turns: 57684, Time: 04:01:37

Health: -11/210    AC: 27    Str: 24    XL:     25   Next: 82%
Magic:  34/34      EV: -1    Int:  3    God:    Okawaru [******]
Gold:   202        SH:  0    Dex: 34    Spells: 24/24 levels left

rFire    + + +     SeeInvis .   j - +4 demon trident (venom)
rCold    + . .     Gourm    .   c - +1 large shield "Uxkiobuc" {rF+ Dex+3}
rNeg     + + .     Faith    .   q - +4 chain mail "Hamiud" {rN+ Regen+ Int-4}
rPois    +         Spirit   .   P - +2 hat {MR+}
rElec    +         Reflect  .   m - +0 cloak of the Hippo {MR+ Regen+}
rCorr    .         Harm     .   I - +1 pair of gloves "Zarof" {rElec rC+ Str+8 Dex-2}
MR       ++++.                  J - +4 pair of boots "Xonywou" {rN+ MR+ Str-4 Dex+10}
Stlth    ..........             a - amulet of Suspected Treachery {rPois Regen+ Str-3 Dex+4}
HPRegen  1.65/turn              R - ring of Vaeqiohu {+Inv rF++ EV+3 Dex+2 Slay+2}
MPRegen  0.24/turn              N - +5 ring of evasion

@: paralysed, constricted
A: change form in water, swift swim, stealthy swim, dopey 1
}: 2/15 runes: serpentine, barnacled
a: Heroism, Finesse, Renounce Religion, Evoke Invisibility


You were on level 5 of the Vaults.
You worshipped Okawaru.
Okawaru was exalted by your worship.
You were not hungry.

You visited 9 branches of the dungeon, and saw 45 of its levels.
You also visited: Bailey, Ice Cave and Wizlab.

You collected 5721 gold pieces.
You spent 5519 gold pieces at shops.

Inventory:

Hand Weapons
 j - a +4 demon trident of venom (weapon)
 K - the +9 trident of Destruction {elec, MR++ Dex-2}
   (You took it off a centaur warrior on level 4 of the Depths)

   Occasionally, upon striking a foe, it will discharge some electrical energy
   and cause terrible harm.
   It affects your dexterity (-2).
   It affects your resistance to hostile enchantments.
Missiles
 d - 18 throwing nets
 y - 72 silver javelins
 S - 106 javelins (quivered)
Armour
 c - the +1 large shield "Uxkiobuc" (worn) {rF+ Dex+3}
   (You found it on level 4 of the Depths)

   It affects your dexterity (+3).
   It protects you from fire.
 m - the +0 cloak of the Hippo (worn) {MR+ Regen+}
   (You found it on level 8 of the Dungeon)

   It affects your resistance to hostile enchantments.
   It increases your rate of regeneration.
 q - the +4 chain mail "Hamiud" (worn) {rN+ Regen+ Int-4}
   (You bought it in a shop on level 1 of the Snake Pit)

   It affects your intelligence (-4).
   It protects you from negative energy.
   It increases your rate of regeneration.
 D - the +1 helmet "Nienygi" {rCorr MP+9 Stlth+}
   (You bought it in a shop on level 2 of the Orcish Mines)

   It affects your magic capacity (+9).
   It provides partial protection from all sources of acid and corrosion.
   It makes you more stealthy.
 I - the +1 pair of gloves "Zarof" (worn) {rElec rC+ Str+8 Dex-2}
   (You bought it in a shop on level 2 of the Orcish Mines)

   It affects your strength (+8).
   It affects your dexterity (-2).
   It protects you from cold.
   It insulates you from electricity.
 J - the +4 pair of boots "Xonywou" (worn) {rN+ MR+ Str-4 Dex+10}
   (You found it in an ice cave)

   It affects your strength (-4).
   It affects your dexterity (+10).
   It protects you from negative energy.
   It affects your resistance to hostile enchantments.
 P - a +2 hat of magic resistance (worn)
Jewellery
 a - the amulet of Suspected Treachery (around neck) {rPois Regen+ Str-3 Dex+4}
   (You acquired it on level 13 of the Dungeon)

   [amulet of regeneration]

   It affects your strength (-3).
   It affects your dexterity (+4).
   It protects you from poison.
   It increases your rate of regeneration.
 N - a +5 ring of evasion (right hand)
 R - the ring of Vaeqiohu (left hand) {+Inv rF++ EV+3 Dex+2 Slay+2}
   (You found it in an ice cave)

   [ring of evasion]

   It affects your evasion (+3).
   It affects your dexterity (+2).
   It affects your accuracy and damage with ranged weapons and melee attacks
   (+2).
   It greatly protects you from fire.
   It lets you turn invisible.
 U - the ring "Ceydyd" {*Slow rF+ rN+ MR+ Str+4}
   (You took it off a deep elf demonologist on level 3 of the Elven Halls)

   [ring of protection from magic]

   It affects your strength (+4).
   It protects you from fire.
   It protects you from negative energy.
   It affects your resistance to hostile enchantments.
   It may slow you when you take damage.
Wands
 e - a wand of acid (29)
 v - a wand of scattershot (6)
 C - a wand of digging (17)
Scrolls
 b - 11 scrolls of enchant armour
 g - 11 scrolls of magic mapping
 i - 4 scrolls of blinking
 k - 6 scrolls of enchant weapon
 p - a scroll of immolation
 s - 17 scrolls of teleportation
 A - 3 scrolls of silence
 G - 2 scrolls of summoning
 H - 10 scrolls of identify
 L - 2 scrolls of holy word
 M - 6 scrolls of fog
 O - 11 scrolls of remove curse
 W - 2 scrolls of fear
Potions
 h - 19 potions of curing
 l - 8 potions of lignification
 n - 5 potions of invisibility
 o - a potion of berserk rage
 r - 4 potions of brilliance
 t - 4 potions of heal wounds
 u - 9 potions of flight
 w - 3 potions of might
 x - 3 potions of ambrosia
 z - 4 potions of mutation
 B - 2 potions of haste
 E - a potion of cancellation
 F - 2 potions of resistance
 T - 4 potions of agility
Comestibles
 f - 52 rations


   Skills:
 - Level 20.0 Fighting
 O Level 27 Polearms
 - Level 16.0 Throwing
 + Level 11.8 Armour
 - Level 20.0 Dodging
 - Level 20.0 Shields
 - Level 15.0 Invocations


You had 24 spell levels left.
You didn't know any spells.
Your spell library contained the following spells:

 Spells                   Type           Power        Failure   Level  Hunger
 Animate Skeleton         Necr           N/A          99%         1    ##.....
 Apportation              Tloc           #.....       99%         1    ##.....
 Confusing Touch          Hex            #.....       99%         1    ##.....
 Corona                   Hex            #......      99%         1    ##.....
 Flame Tongue             Conj/Fire      #....        99%         1    ##.....
 Freeze                   Ice            #...         99%         1    ##.....
 Magic Dart               Conj           #...         99%         1    ##.....
 Pain                     Necr           #...         99%         1    ##.....
 Sandblast                Erth           #.....       99%         1    ##.....
 Shock                    Conj/Air       #...         99%         1    ##.....
 Sting                    Conj/Pois      #...         99%         1    ##.....
 Blink                    Tloc           N/A          100%        2    ###....
 Ensorcelled Hibernation  Hex/Ice        #.....       100%        2    ###....
 Passwall                 Tmut/Erth      #.......     100%        2    ###....
 Searing Ray              Conj           #.....       100%        2    ###....
 Shroud of Golubria       Chrm/Tloc      #.....       100%        2    ###....
 Swiftness                Chrm/Air       #.......     100%        2    ###....
 Throw Frost              Conj/Ice       #.....       100%        2    ###....
 Dazzling Spray           Conj/Hex       #.....       100%        3    ####...
 Gell's Gravitas          Tloc           #.........   100%        3    ####...
 Ignite Poison            Fire/Tmut/Pois #.......     100%        3    ####...
 Inner Flame              Hex/Fire       #.......     100%        3    ####...
 Lesser Beckoning         Tloc           #.........   100%        3    ####...
 Ozocubu's Armour         Chrm/Ice       #.......     100%        3    ####...
 Regeneration             Chrm/Necr      #.........   100%        3    ####...
 Static Discharge         Conj/Air       #.......     100%        3    ####...
 Stone Arrow              Conj/Erth      #.....       100%        3    ####...
 Teleport Other           Tloc           #.......     100%        3    ####...
 Vampiric Draining        Necr           #.........   100%        3    ####...
 Airstrike                Air            #.........   100%        4    #####..
 Animate Dead             Necr           N/A          100%        4    #####..
 Force Lance              Conj/Tloc      #.......     100%        4    #####..
 Fulminant Prism          Conj/Hex       #.........   100%        4    #####..
 Ice Form                 Ice/Tmut       #.......     100%        4    #####..
 Iskenderun's Mystic Bla  Conj           #.......     100%        4    #####..
 Leda's Liquefaction      Hex/Erth       #.........   100%        4    #####..
 Passage of Golubria      Tloc           N/A          100%        4    #####..
 Petrify                  Tmut/Erth      #.......     100%        4    #####..
 Sticky Flame             Conj/Fire      #.......     100%        4    #####..
 Summon Ice Beast         Ice/Summ       #.......     100%        4    #####..
 Summon Lightning Spire   Summ/Air       #.......     100%        4    #####..
 Throw Icicle             Conj/Ice       #.......     100%        4    #####..
 Agony                    Necr           #.......     100%        5    ######.
 Aura of Abjuration       Summ           #.........   100%        5    ######.
 Bolt of Magma            Conj/Fire/Erth #.........   100%        5    ######.
 Borgnjor's Vile Clutch   Necr/Erth      #.........   100%        5    ######.
 Fireball                 Conj/Fire      #.........   100%        5    ######.
 Irradiate                Conj/Tmut      #.........   100%        5    ######.
 Iskenderun's Battlesphe  Conj/Chrm      #.......     100%        5    ######.
 Lee's Rapid Deconstruct  Erth           #.........   100%        5    ######.
 Lightning Bolt           Conj/Air       #.........   100%        5    ######.
 Metabolic Englaciation   Hex/Ice        #.........   100%        5    ######.
 Silence                  Hex/Air        #.........   100%        5    ######.
 Summon Demon             Summ           #.........   100%        5    ######.
 Venom Bolt               Conj/Pois      #.........   100%        5    ######.
 Conjure Ball Lightning   Conj/Air       #.........   100%        6    #######
 Darkness                 Hex            #.........   100%        6    #######
 Dispersal                Tloc           #.........   100%        6    #######
 Hydra Form               Tmut           #.........   100%        6    #######
 Invisibility             Hex            #.......     100%        6    #######
 Iron Shot                Conj/Erth      #.........   100%        6    #######
 Shadow Creatures         Summ           N/A          100%        6    #######
 Simulacrum               Ice/Necr       #.........   100%        6    #######
 Statue Form              Tmut/Erth      #........    100%        6    #######
 Dragon Form              Tmut           #.........   100%        7    #######
 Orb of Destruction       Conj           #.........   100%        7    #######
 Ring of Flames           Chrm/Fire      #.........   100%        7    #######
 Spellforged Servitor     Conj/Summ      #.........   100%        7    #######
 Controlled Blink         Tloc           N/A          100%        8    #######
 Ignition                 Fire           #.........   100%        8    #######
 Shatter                  Erth           #.........   100%        9    #######
 Tornado                  Air            #.........   100%        9    #######


Dungeon Overview and Level Annotations

Branches:
Dungeon (15/15)            Temple (1/1) D:7            Lair (6/6) D:10
 Shoals (4/4) Lair:2        Snake (4/4) Lair:4        Slime (0/5) Lair:5
    Orc (2/2) D:11            Elf (3/3) Orc:2        Vaults (5/5) D:14
  Crypt (0/3) Vaults:2     Depths (5/5) D:15            Zot (0/5) Depths:5
 Bailey (visited)           IceCv (visited)          WizLab (visited)

Altars:
Ashenzari
Cheibriados
Dithmenos
Elyvilon
Fedhas
Gozag
Hepliaklqana
Kikubaaqudgha
Makhleb
Nemelex Xobeh
Okawaru
Qazlal
Ru
Sif Muna
Trog
Uskayaw
Vehumet
Wu Jian
Xom
Yredelemnul
Zin
The Shining One
Beogh
Jiyva

Shops:
D:7 *   D:9 (   D:13 [   Orc:2 (([}   Elf:1 ==([   Elf:2 !   Snake:1 [[?[(
Snake:2 [   Vaults:1 =   Depths:1 =}=

Portals:
Hell: Depths:1 Depths:2 Depths:3 Depths:4 Depths:5
Abyss: Depths:4
Pandemonium: Depths:3
Ziggurat: Depths:5

Annotations:
Shoals:4 exclusion: 2 oklob plants
Vaults:5 Frederick


Innate Abilities, Weirdness & Mutations

You revert to your normal form in water.
You are very nimble and swift while swimming.
You are very stealthy in the water. (Stealth+)
You are dopey. (Int -2)


Message History

The ettin hits you with a +0 great mace!!
The yaktaur captain shoots a bolt.
The bolt hits you but does no damage.
The ettin hits you with a +0 dire flail.
The ettin hits you with a +0 dire flail!!!
* * * LOW HITPOINT WARNING * * *
The quicksilver dragon bites you but does no damage.
The quicksilver dragon claws you but does no damage.
The tentacled monstrosity tentacle-slaps you.
* * * LOW HITPOINT WARNING * * *
The tentacled monstrosity tentacle-slaps you but does no damage. x2
* * * LOW HITPOINT WARNING * * *
The tentacled monstrosity constricts you.
The ettin hits you with a +0 dire flail!
* * * LOW HITPOINT WARNING * * *
The ettin hits you with a +0 dire flail of holy wrath.
* * * LOW HITPOINT WARNING * * *
The deep elf death mage hits you but does no damage.
Frederick the Flawless comes into view.
He is wielding a +2 vampiric battleaxe and wearing a +2 plate armour of poison resistance.
The stone giant hits you!
You die...

...# #....# #.
p.%##..%%##..
..%#...%#e..
.....%....#
#####.%[...(.##
@.%%%.[p)...%.%
..%..(CeCc.....
....%%C@Xp<....
.....pCpD<.....
#####(G†cC...##
....p.%..%..
.[..#..%%#...
#%.#..#....# ..
(..#..#.ZZ?# .
(. #Z.#.%%.#


You could see Frederick, a tentacled monstrosity (inner flame), 2 ironheart
preservers, a frost giant (inner flame), a quicksilver dragon (inner flame), a
stone giant (inner flame), 2 yaktaur captains, a deep elf death mage (inner
flame), 3 ettins, a hell knight (inner flame), a vault sentinel (inner flame),
an ironbrand convoker (inner flame), a deep elf mage, a necromancer (inner
flame), a floating eye shaped shifter (inner flame), a +1 vampiric war axe, a
yaktaur captain simulacrum (inner flame), a titan simulacrum (inner flame) and
an ironheart preserver skeleton.

Vanquished Creatures
  Mara (Shoals:3)
  An ancient lich (WizLab)
  Sojobo (Vaults:1)
  Vashnia (Snake:4)
  Xtahua (Vaults:3)
  10 caustic shrikes
  Margery (Vaults:5)
  Saint Roka (Vaults:1)
  4 golden dragons
  Jory (Vaults:1)
  Jorgrun (D:12)
  A Brimstone Fiend (Depths:4)
  An Ice Fiend (Depths:4)
  Rupert (Vaults:1)
  A titan (Depths:4)
  2 deep elf blademasters (Elf:2)
  2 liches
  4 deep elf master archers (Elf:3)
  2 sphinxes
  A kraken (Shoals:3)
  Polyphemus (Shoals:2)
  An ancient champion (WizLab)
  A tengu reaver (Vaults:5)
  2 thorn hunters (Depths:2)
  Agnes (Snake:2)
  5 storm dragons
  Kirke (Lair:5)
  A shadow dragon (Depths:5)
  Ilsuiw (Shoals:2)
  The ghost of Ighihorph the Warrior, a journeyman DrWn of Makhleb (Shoals:3)
  Roxanne (D:14)
  10 nagarajas
  5 frost giants
  5 fire giants
  An iron dragon (Depths:4)
  A draconian knight (Vaults:1)
  A draconian scorcher (Depths:5)
  2 deep elf sorcerers
  2 balrugs (Depths:4)
  Louise (Elf:3)
  Aizul (Snake:1)
  2 orc warlords
  14 vault wardens
  A spriggan defender (Vaults:1)
  3 deep elf elementalists
  A draconian annihilator (Depths:5)
  13 ironheart preservers
  13 very ugly things
  A reaper (IceCv)
  A black draconian (Depths:5)
  13 stone giants
  An entropy weaver (Vaults:4)
  8 deep elf demonologists
  Azrael (D:13)
  4 vampire knights
  A red draconian (Depths:5)
  2 white draconians (Depths:5)
  A yellow draconian (Depths:5)
  9 deep elf annihilators
  2 spark wasps (Depths:1)
  3 purple draconians (Depths:5)
  3 deep elf death magi
  4 crystal guardians
  11 merfolk impalers
  7 merfolk javelineers
  16 ettins
  Josephine (D:12)
  10 fire dragons
  7 deep elf high priests
  4 blizzard demons (Depths:4)
  2 great orbs of eyes (Depths:5)
  16 yaktaur captains
  33 vault guards
  7 hydras
  15 naga warriors
  12 ice dragons
  7 anacondas
  A juggernaut simulacrum (Depths:1)
  2 catoblepae
  3 rakshasas
  3 spriggan air magi
  17 centaur warriors
  8 merfolk avatars
  21 dancing weapons
  3 satyrs
  2 merfolk aquamancers
  11 ogre magi
  20 two-headed ogres
  8 death yaks
  3 death knights
  2 alligator snapping turtles
  4 deep troll earth magi
  4 deep troll shamans
  3 orc high priests
  A tengu warrior (Depths:4)
  2 vampire magi (Depths:2)
  6 shock serpents
  19 naga sharpshooters
  17 deep elf knights
  A fire crab (shapeshifter) (Depths:2)
  7 skeletal warriors (WizLab)
  8 hell knights
  2 shadow wraiths
  A death drake (shapeshifter) (Vaults:3)
  20 sea snakes
  2 iron trolls (Depths:4)
  5 salamander mystics
  3 glowing orange brains
  A glowing orange brain (shapeshifter) (Depths:2)
  3 flayed ghosts
  An unseen horror (Vaults:1)
  11 naga ritualists
  18 deep trolls
  6 deep elf archers
  14 orc knights
  7 necromancers
  10 ironbrand convokers
  7 wizards
  35 harpies
  2 golden dragon skeletons (Depths:2)
  5 orc sorcerers
  A stone giant zombie (Depths:2)
  65 deep elf magi
  14 fauns
  11 salamanders
  11 mana vipers
  11 cyclopes
  18 manticores
  5 wolf spiders
  Maurice (Orc:2)
  49 ugly things
  13 merfolk sirens
  3 ice statues
  18 elephants
  33 black mambas
  6 guardian serpents
  A stone giant skeleton (Depths:2)
  A torpor snail (Lair:6)
  17 vault sentinels
  14 naga magi
  An elf zombie (Depths:2)
  A water nymph (shapeshifter) (Vaults:5)
  7 water nymphs
  3 molten gargoyles (Depths:2)
  A gargoyle (D:15)
  A hellion (Depths:4)
  A rime drake (Lair:2)
  A rime drake (shapeshifter) (Vaults:2)
  3 komodo dragons
  7 spiny frogs
  5 spectral swamp worms (Depths:2)
  56 yaktaurs
  4 freezing wraiths
  A tengu conjurer (Depths:1)
  An efreet (D:15)
  8 ice devils
  A spark wasp simulacrum (Depths:2)
  36 merfolk
  A troll (shapeshifter) (Vaults:4)
  7 trolls
  2 polar bears (Lair:6)
  Grinder (D:3)
  2 wind drakes (shapeshifter) (Vaults:3)
  2 hornets
  A queen bee (shapeshifter) (Vaults:5)
  A tengu simulacrum (Vaults:3)
  10 wind drakes
  A hippogriff (shapeshifter) (D:13)
  The ghost of Hedningen the Slasher, an amateur DsGl (D:5)
  22 blink frogs
  14 slime creatures
  11 snapping turtles
  A snapping turtle (shapeshifter) (Vaults:4)
  13 dream sheep
  An ice dragon zombie (Depths:1)
  A fire dragon skeleton (Depths:1)
  9 hippogriffs
  A spriggan (shapeshifter) (Vaults:4)
  A fire giant simulacrum (Vaults:3)
  A shadow (D:14)
  A redback (Vaults:4)
  5 air elementals
  A tarantella (shapeshifter) (Vaults:1)
  3 wraiths (D:12)
  A yak (shapeshifter) (Elf:2)
  4 vampires (WizLab)
  19 water elementals
  5 wyverns
  60 yaks
  6 fire elementals
  3 hungry ghosts
  A basilisk (D:13)
  6 vampire mosquitoes
  A steam dragon (shapeshifter) (Vaults:4)
  A steam dragon (D:8)
  A human simulacrum (Vaults:3)
  7 wargs
  60 nagas
  A hell hound (D:13)
  3 acid dragons
  7 two-headed ogre zombies (WizLab)
  Duvessa (D:4)
  6 porcupines
  14 water moccasins
  41 orc warriors
  A hornet zombie (D:14)
  19 ice beasts
  7 black bears
  2 sky beasts
  31 ogres
  An ogre (shapeshifter) (Depths:4)
  An eye of draining (D:12)
  A spriggan simulacrum (Depths:2)
  42 centaurs
  4 boggarts (Depths:4)
  3 phantoms (D:7)
  30 wolves
  10 crocodiles
  The ghost of kewlkris2002blox the Covered, an amateur GrFi of Xom (D:4)
  17 bullfrogs
  4 earth elementals
  2 gnoll sergeants
  Dowan (D:4)
  An ogre simulacrum (Vaults:1)
  2 human skeletons (Vaults:3)
  7 scorpions
  A hornet simulacrum (Vaults:1)
  12 killer bees
  7 troll zombies (WizLab)
  20 wights
  5 electric eels (D:10)
  A howler monkey (D:4)
  10 crimson imps
  3 centaur zombies
  A quasit (D:12)
  A bullfrog zombie (D:12)
  8 hounds
  A wyvern simulacrum (D:14)
  7 jellies
  2 centaur skeletons
  29 orc priests
  Crazy Yiuf (D:5)
  39 orc wizards
  8 iguanas
  17 worker ants
  A killer bee zombie (D:7)
  8 ogre zombies (WizLab)
  A hound zombie (D:6)
  2 worker ant zombies
  22 gnolls
  13 adders
  2 river rats (D:5)
  3 shadow imps
  30 white imps
  7 ufetubi (IceCv)
  An ooze (D:6)
  An adder zombie (D:6)
  5 worms
  4 dart slugs
  10 leopard geckos
  108 orcs
  3 giant cockroaches
  13 goblins
  5 hobgoblins
  6 jackals
  19 kobolds
  8 quokkas
  6 ball pythons
  2 bats
  10 frilled lizards
  2 leopard gecko skeletons
  13 rats
  2 crawling corpses (Elf:3)
  3 fire vortices (Depths:2)
  5 plants
  4 tentacles (Shoals:3)
2132 creatures vanquished.

Vanquished Creatures (others)
  A balrug (Depths:4)
  A wind drake (Shoals:3)
  A blink frog (Lair:5)
  A human (Lair:5)
  A naga (Snake:4)
  An ogre (Depths:3)
  A crimson imp (Depths:4)
  2 white imps
  5 ufetubi (IceCv)
  2 orcs
  A ball python (Snake:4)
  3 bushes
  11 fungi
  19 plants
  4 tentacles (Shoals:3)
54 creatures vanquished.

Grand Total: 2186 creatures vanquished

Notes
Turn   | Place    | Note
-------+----------+-------------------------------------------
     0 | D:1      | Faca the Merfolk Gladiator began the quest for the Orb.
     0 | D:1      | Reached XP level 1. HP: 16/16 MP: 1/1
   173 | D:1      | Reached XP level 2. HP: 22/23 MP: 2/2
   216 | D:1      | Reached skill level 5 in Polearms
   649 | D:2      | Reached XP level 3. HP: 19/29 MP: 3/3
  1226 | D:2      | Reached XP level 4. HP: 36/36 MP: 4/4
  1520 | D:2      | Reached skill level 6 in Polearms
  1743 | D:3      | Noticed Grinder
  1763 | D:3      | Killed Grinder
  1763 | D:3      | Reached skill level 5 in Fighting
  1763 | D:3      | Reached skill level 7 in Polearms
  1763 | D:3      | Reached XP level 5. HP: 44/44 MP: 5/5
  1763 | D:3      | Reached XP level 6. HP: 51/51 MP: 6/6
  2397 | D:3      | Reached skill level 8 in Polearms
  2444 | D:3      | Found a burning altar of Makhleb.
  2444 | D:3      | Noticed a green death
  2449 | D:3      | Noticed a smoke demon
  2449 | D:3      | Noticed a smoke demon
  2613 | D:4      | Noticed Duvessa
  2614 | D:4      | Noticed Dowan
  2616 | D:4      | Noticed a two-headed ogre
  2818 | D:4      | Found a transporter.
  2907 | D:4      | Noticed kewlkris2002blox's ghost (amateur GrFi)
  2909 | D:4      | Found a transporter.
  2981 | D:4      | Reached XP level 7. HP: 53/57 MP: 7/7
  3571 | D:5      | Entered Level 5 of the Dungeon
  3642 | D:5      | Reached skill level 9 in Polearms
  3792 | D:5      | Found a runed translucent door.
  3953 | D:5      | Found an ornate altar of the Wu Jian Council.
  4130 | D:5      | Noticed Hedningen's ghost (amateur DsGl)
  4446 | D:5      | Reached XP level 8. HP: 59/67 MP: 8/8
  4571 | D:5      | Found a runed translucent door.
  4627 | D:5      | Reached skill level 10 in Polearms
  4644 | D:5      | Found a runed translucent door.
  4645 | D:5      | Noticed Crazy Yiuf
  4691 | D:5      | Killed Crazy Yiuf
  5143 | D:6      | You fall into a shaft and drop 3 floors!
  5223 | D:9      | Found a flagged portal.
  5243 | D:9      | Found Ujeix's Weapon Shop.
  5258 | Bailey   | Entered a bailey
  5487 | Bailey   | Noticed an orc knight
  5491 | Bailey   | Noticed an orc knight
  5610 | Bailey   | Killed an orc knight
  5610 | Bailey   | Reached skill level 11 in Polearms
  5716 | Bailey   | Killed an orc knight
  5716 | Bailey   | Reached skill level 12 in Polearms
  5716 | Bailey   | Reached XP level 9. HP: 69/77 MP: 9/9
  5765 | Bailey   | Found a burning altar of Makhleb.
  5956 | D:8      | Found a burning altar of Makhleb.
  6192 | D:8      | Got a twisted cloak
  6204 | D:8      | Identified the +0 cloak of the Hippo {MR+ Regen+} (You
                  | found it on level 8 of the Dungeon)
  6478 | D:6      | Reached skill level 10 in Fighting
  6485 | D:6      | Reached skill level 13 in Polearms
  6787 | D:6      | Reached skill level 1 in Armour
  7439 | D:7      | Reached skill level 5 in Dodging
  7497 | D:7      | Reached XP level 10. HP: 64/86 MP: 10/10
  7914 | D:7      | Found Toshenn's Assorted Antiques.
  8133 | D:7      | Bought a scroll labeled LIURPH LOIL for 31 gold pieces
  8133 | D:7      | Bought a scroll labeled TEVOAMOFIRR for 31 gold pieces
  8133 | D:7      | Bought a bubbling green potion for 27 gold pieces
  8133 | D:7      | Bought a sedimented amethyst potion for 27 gold pieces
  8181 | D:7      | Found a staircase to the Ecumenical Temple.
  8210 | Temple   | Entered the Ecumenical Temple
  8315 | Temple   | Became a worshipper of Warmaster Okawaru
  8645 | D:8      | Got a faintly glowing quarterstaff
  8646 | D:8      | Identified the +7 quarterstaff of the Unseen Realm {pain,
                  | Dex+2 SInv} (You found it on level 8 of the Dungeon)
  8915 | D:8      | Reached skill level 14 in Polearms
  9164 | D:8      | Reached * piety under Okawaru
 10339 | D:9      | Reached ** piety under Okawaru
 10399 | D:9      | Reached XP level 11. HP: 71/93 MP: 11/11
 10579 | D:10     | Entered Level 10 of the Dungeon
 10776 | D:10     | Reached *** piety under Okawaru
 11006 | D:10     | Noticed a two-headed ogre
 11026 | D:10     | Killed a two-headed ogre
 11177 | D:10     | Reached skill level 15 in Polearms
 11510 | D:10     | Reached **** piety under Okawaru
 11942 | D:10     | Found a staircase to the Lair.
 12055 | D:11     | Noticed a six-headed hydra
 12055 | D:11     | Noticed an eight-headed hydra
 12123 | D:11     | Found a staircase to the Orcish Mines.
 12363 | D:11     | Noticed a cyan ugly thing
 12405 | D:11     | Killed a cyan ugly thing
 12558 | D:11     | Killed an eight-headed hydra
 12558 | D:11     | Received a gift from Okawaru
 12971 | D:11     | Reached skill level 5 in Armour
 13013 | D:11     | Reached ***** piety under Okawaru
 13279 | D:12     | Noticed Jorgrun
 13282 | D:12     | Reached skill level 10 in Dodging
 13313 | D:12     | Killed Jorgrun
 13313 | D:12     | Reached XP level 12. HP: 9/103 MP: 10/12
 13557 | D:12     | Reached skill level 16 in Polearms
 13849 | Lair:1   | Entered Level 1 of the Lair of Beasts
 13853 | Lair:1   | Noticed an eight-headed hydra
 13873 | Lair:1   | Killed an eight-headed hydra
 13990 | D:10     | Received a gift from Okawaru
 15228 | Lair:2   | Reached skill level 17 in Polearms
 15275 | Lair:2   | Found an iron altar of Okawaru.
 15397 | Lair:2   | Reached skill level 1 in Invocations
 15453 | Lair:2   | Reached XP level 13. HP: 99/111 MP: 14/14
 15812 | Lair:2   | Found a staircase to the Shoals.
 16308 | Lair:3   | Received a gift from Okawaru
 16321 | Lair:3   | Got a faintly humming shield {god gift}
 16327 | Lair:3   | Identified the +0 shield of Pantheism {rElec rPois rC+}
                  | (Okawaru gifted it to you on level 3 of the Lair of Beasts)
 17492 | Lair:4   | Reached skill level 1 in Shields
 17794 | Lair:4   | Found a staircase to the Snake Pit.
 18371 | Lair:4   | Reached skill level 5 in Invocations
 18687 | Lair:5   | Found a frozen archway.
 18739 | IceCv    | Entered an ice cave
 18820 | IceCv    | Reached skill level 18 in Polearms
 19020 | IceCv    | Got a pair of translucent boots
 19026 | IceCv    | Identified the +4 pair of boots "Xonywou" {rN+ MR+ Str-4
                  | Dex+10} (You found it in an ice cave)
 19428 | IceCv    | Noticed a reaper
 19443 | IceCv    | Killed a reaper
 19471 | IceCv    | Got a scintillating lapis lazuli ring
 19665 | Lair:5   | Identified the ring of Vaeqiohu {+Inv rF++ EV+3 Dex+2
                  | Slay+2} (You found it in an ice cave)
 19691 | Lair:5   | Found a staircase to the Slime Pits.
 19692 | Lair:5   | Found a viscous altar of Jiyva.
 19890 | Lair:5   | Noticed Kirke
 19920 | Lair:5   | Noticed a sphinx
 19924 | Lair:5   | Killed Kirke
 20362 | Lair:5   | Got an iridescent spear
 20607 | Lair:6   | Entered Level 6 of the Lair of Beasts
 20637 | Lair:6   | Identified the +8 spear "Giwif" {pierce, rF+ Int+3} (You
                  | found it on level 5 of the Lair of Beasts)
 20685 | Lair:6   | Reached XP level 14. HP: 121/121 MP: 18/18
 20882 | Lair:6   | Received a gift from Okawaru
 20993 | Lair:6   | Reached skill level 5 in Shields
 21237 | Lair:6   | Reached skill level 15 in Fighting
 21265 | Lair:6   | Reached ****** piety under Okawaru
 21628 | Lair:6   | Reached skill level 19 in Polearms
 21655 | Lair:6   | Received a gift from Okawaru
 22140 | Lair:6   | Identified Jalacul's Volume of Moulding and Intoxication
 22461 | Lair:6   | Upgraded the game from 0.25-a0-42-g6c54e25 to
                  | 0.25-a0-44-g29a1220
 22623 | Orc:1    | Entered Level 1 of the Orcish Mines
 22719 | Orc:1    | Found a transporter.
 22724 | Orc:1    | Noticed a stone giant
 22724 | Orc:1    | Noticed an orc warlord
 22726 | Orc:1    | Found a roughly hewn altar of Beogh.
 22726 | Orc:1    | Found a transporter.
 22819 | Orc:2    | Entered Level 2 of the Orcish Mines
 22819 | Orc:2    | Noticed Maurice
 22845 | Orc:2    | Killed Maurice
 22871 | Orc:2    | Found a roughly hewn altar of Beogh.
 22908 | Orc:2    | Found a staircase to the Elven Halls.
 23152 | Orc:2    | Found a roughly hewn altar of Beogh.
 23180 | Orc:2    | Found Ruta's Gadget Boutique.
 23258 | Orc:2    | Found a roughly hewn altar of Beogh.
 23608 | Orc:2    | Found a roughly hewn altar of Beogh.
 23721 | Orc:2    | Found a roughly hewn altar of Beogh.
 23748 | Orc:2    | Found Zuomisko's Antique Weapon Boutique.
 24161 | Orc:2    | Reached XP level 15. HP: 129/129 MP: 21/21
 24238 | Orc:2    | Received a gift from Okawaru
 24280 | Orc:2    | Noticed an orc warlord
 24324 | Orc:2    | Killed an orc warlord
 24339 | Orc:2    | Found Hoytarch's Antique Armour Shop.
 24346 | Orc:2    | Found a roughly hewn altar of Beogh.
 24354 | Orc:2    | Found Coituesh's Antique Weapon Boutique.
 24365 | Orc:2    | Bought an encrusted helmet for 294 gold pieces
 24365 | Orc:2    | Bought a pair of smoking gloves for 294 gold pieces
 24365 | Orc:2    | Bought a scorched helmet for 294 gold pieces
 24365 | Orc:2    | Identified the +1 helmet "Nienygi" {rCorr MP+9 Stlth+} (You
                  | bought it in a shop on level 2 of the Orcish Mines)
 24366 | Orc:2    | Identified the +2 helmet "Cuasm" {rPois rF- Str+3 Int+2}
                  | (You bought it in a shop on level 2 of the Orcish Mines)
 24377 | Orc:2    | Identified the +1 pair of gloves "Zarof" {rElec rC+ Str+8
                  | Dex-2} (You bought it in a shop on level 2 of the Orcish
                  | Mines)
 24960 | D:5      | Killed Hedningen's ghost
 25057 | D:4      | Killed kewlkris2002blox's ghost
 25080 | D:4      | Received a gift from Okawaru
 25177 | D:4      | Killed Duvessa
 25184 | D:4      | Killed Dowan
 25646 | D:12     | Noticed Josephine
 25656 | D:12     | Killed Josephine
 26011 | D:13     | Identified a scroll of acquirement
 26013 | D:13     | Got a wavering golden amulet
 26027 | D:13     | Noticed Azrael
 26039 | D:13     | Killed Azrael
 26364 | D:13     | Reached skill level 20 in Polearms
 26426 | D:13     | Found Gehoc's Armour Emporium.
 26600 | D:14     | Noticed Roxanne
 26605 | D:14     | Received a gift from Okawaru
 26707 | D:14     | Got a faintly glowing glaive
 26783 | D:14     | Found an iron altar of Okawaru.
 27030 | D:14     | Identified the amulet of Suspected Treachery {rPois Regen+
                  | Str-3 Dex+4} (You acquired it on level 13 of the Dungeon)
 27092 | D:14     | Found a gate to the Vaults.
 27124 | D:14     | Reached skill level 10 in Invocations
 27674 | D:14     | Killed Roxanne
 27902 | Shoals:1 | Entered Level 1 of the Shoals
 27986 | Shoals:1 | Received a gift from Okawaru
 28517 | Shoals:1 | Reached XP level 16. HP: 139/139 MP: 23/23
 28990 | Shoals:2 | Reached skill level 21 in Polearms
 29107 | Shoals:2 | Reached skill level 10 in Shields
 29172 | Shoals:2 | Noticed Polyphemus
 29222 | Shoals:2 | Killed Polyphemus
 29449 | Shoals:2 | Received a gift from Okawaru
 29891 | Shoals:2 | Noticed Ilsuiw
 29971 | Shoals:2 | Killed Ilsuiw
 30237 | Shoals:3 | Noticed a kraken
 30270 | Shoals:3 | Killed a kraken
 30383 | Shoals:3 | Received a gift from Okawaru
 30546 | Shoals:3 | Noticed Mara
 30582 | Shoals:3 | Noticed Faca's illusion
 30589 | Shoals:3 | Killed Mara
 30589 | Shoals:3 | Reached skill level 22 in Polearms
 30589 | Shoals:3 | Reached XP level 17. HP: 74/149 MP: 24/24
 30897 | Shoals:3 | Received a gift from Okawaru
 30917 | Shoals:3 | Found a runed translucent gate.
 30917 | Shoals:3 | Found a runed translucent gate.
 30917 | Shoals:3 | Found a runed translucent gate.
 30919 | Shoals:3 | Noticed Ighihorph's ghost (journeyman DrWn)
 31255 | Shoals:3 | Killed Ighihorph's ghost
 31338 | Shoals:3 | Identified the cursed +0 cloak of Boredom {rElec rCorr
                  | Str+4 Stlth-} (You found it on level 3 of the Shoals)
 31375 | Shoals:4 | Entered Level 4 of the Shoals
 31463 | Shoals:4 | Reached skill level 5 in Throwing
 31594 | Shoals:4 | Received a gift from Okawaru
 32141 | Shoals:4 | Found the +10 Black Knight's horse barding {ponderous,
                  | rPois rN+}
 32718 | Shoals:4 | Reached XP level 18. HP: 53/158 MP: 25/25
 32776 | Shoals:4 | Got a barnacled rune of Zot
 33247 | Snake:1  | Entered Level 1 of the Snake Pit
 33259 | Snake:1  | Identified the Papyrus of Enchantment and the Volcanoes
 33377 | Snake:1  | Received a gift from Okawaru
 33385 | Snake:1  | Identified the +1 chain mail of the Furies {rC- MR+ MP+9
                  | SInv} (Okawaru gifted it to you on level 1 of the Snake
                  | Pit)
 33465 | Snake:1  | Found Medeno's Antique Armour Shop.
 33483 | Snake:1  | Noticed Aizul
 33503 | Snake:1  | Killed Aizul
 33609 | Snake:1  | Found Xyavo's Antique Armour Shoppe.
 33618 | Snake:1  | Bought a pair of distressingly furry boots for 351 gold
                  | pieces
 33628 | Snake:1  | Identified the +1 pair of boots "Baleseit" {rF+ MR+ Str-4}
                  | (You bought it in a shop on level 1 of the Snake Pit)
 33650 | Snake:1  | Bought a faintly glowing chain mail for 351 gold pieces
 33660 | Snake:1  | Identified the +4 chain mail "Hamiud" {rN+ Regen+ Int-4}
                  | (You bought it in a shop on level 1 of the Snake Pit)
 33676 | Snake:1  | Found Xoxatut's Magic Scroll Shop.
 33680 | Snake:1  | Bought a scroll of identify for 30 gold pieces
 33709 | Snake:1  | Found Ruuqanic's Weapon Shoppe.
 33747 | Snake:1  | Found Vaofud's Armour Shop.
 34315 | Snake:2  | Noticed Agnes
 34329 | Snake:2  | Killed Agnes
 34348 | Snake:2  | Found Ikoett's Armour Emporium.
 35443 | Snake:4  | Entered Level 4 of the Snake Pit
 35550 | Snake:3  | Reached skill level 10 in Throwing
 35612 | Snake:4  | Received a gift from Okawaru
 35640 | Snake:3  | Reached skill level 15 in Dodging
 36164 | Snake:4  | Reached XP level 19. HP: 165/166 MP: 26/26
 36492 | Snake:4  | Received a gift from Okawaru
 37104 | Snake:4  | Reached skill level 23 in Polearms
 37145 | Snake:4  | Noticed Vashnia
 37190 | Snake:4  | Killed Vashnia
 37275 | Snake:4  | Got a serpentine rune of Zot
 37858 | D:15     | Entered Level 15 of the Dungeon
 37936 | D:15     | Received a gift from Okawaru
 38099 | D:15     | Found a burning altar of Makhleb.
 38190 | D:15     | Found a staircase to the Depths.
 38562 | Orc:1    | Received a gift from Okawaru
 38825 | Vaults:1 | Entered Level 1 of the Vaults
 38847 | Vaults:1 | Received a gift from Okawaru
 38961 | Vaults:1 | Reached XP level 20. HP: 176/176 MP: 27/27
 39132 | Vaults:1 | Found Akhugo's Jewellery Shop.
 39140 | Vaults:1 | Bought a cursed -4 ring of slaying for 38 gold pieces
 39141 | Vaults:1 | Bought a cursed ring of attention for 85 gold pieces
 39458 | Vaults:1 | Noticed Rupert
 39484 | Vaults:1 | Killed Rupert
 39523 | Vaults:1 | Noticed Sojobo
 39553 | Vaults:1 | Killed Sojobo
 39807 | Vaults:1 | Noticed Saint Roka
 39850 | Vaults:1 | Killed Saint Roka
 40562 | Vaults:2 | Noticed Jory
 40600 | Vaults:1 | Killed Jory
 40701 | Vaults:2 | Received a gift from Okawaru
 40742 | Vaults:2 | Reached skill level 15 in Shields
 41390 | Vaults:2 | You fall into a shaft and drop 1 floor!
 41610 | Vaults:2 | Reached XP level 21. HP: 183/183 MP: 28/28
 41724 | Vaults:2 | Found a staircase to the Crypt.
 41873 | Vaults:2 | Received a gift from Okawaru
 41929 | Vaults:2 | Received a gift from Okawaru
 41947 | Vaults:2 | Identified a +0 pair of boots of running (Okawaru gifted it
                  | to you on level 2 of the Vaults)
 42082 | Vaults:3 | Reached skill level 15 in Throwing
 42525 | Vaults:3 | Noticed Xtahua
 42548 | Vaults:3 | Killed Xtahua
 43263 | Vaults:3 | Received a gift from Okawaru
 43387 | Vaults:4 | Received a gift from Okawaru
 43965 | Vaults:4 | Received a gift from Okawaru
 44033 | Vaults:4 | Reached XP level 22. HP: 123/184 MP: 29/29
 44176 | Vaults:4 | Received a gift from Okawaru
 44211 | Vaults:4 | Identified the +5 spear "Quratud" {flame, rF- rC+ Str+7
                  | Stlth+} (Okawaru gifted it to you on level 4 of the Vaults)
 44313 | Vaults:4 | Identified the cursed +0 scale mail of Gluttony {+Blink}
                  | (You found it on level 4 of the Vaults)
 44885 | Elf:1    | Entered Level 1 of the Elven Halls
 45052 | Elf:1    | Found Neipet's Antique Armour Shoppe.
 45076 | Elf:1    | Found Buecymem's Jewellery Shop.
 45085 | Elf:1    | Found Feuti's Jewellery Emporium.
 45458 | Elf:1    | Identified the Tome of the Entourage
 45529 | Elf:1    | Found Vizxezuixt's Antique Weapon Emporium.
 45630 | Elf:1    | Received a gift from Okawaru
 45747 | Elf:2    | Found Adoasoc's Distillery.
 45755 | Elf:2    | Bought a potion of berserk rage for 105 gold pieces
 45786 | Elf:2    | Found a magical portal.
 46134 | WizLab   | Received a gift from Okawaru
 46305 | WizLab   | Noticed an antique lich
 46318 | WizLab   | Killed an antique lich
 46322 | WizLab   | Found the +9 sword of Zonguldrok {reap}
 46322 | WizLab   | Identified Sif Muna's Compendium of the Birds and Blows and
                  | Bruises
 46491 | Elf:2    | Found a runed translucent gate.
 46499 | Elf:2    | Identified the +4 bardiche of Flawed Execution {pain, *Slow
                  | Int+3 Dex+4} (You found it on level 2 of the Elven Halls)
 46638 | Elf:2    | Found a runed translucent gate.
 46661 | Elf:2    | Identified Vehumet's Compendium of Confrontation
 46771 | Elf:2    | Found a runed translucent gate.
 47313 | Elf:3    | Entered Level 3 of the Elven Halls
 47374 | Elf:3    | Noticed Louise
 47419 | Elf:3    | Killed Louise
 47509 | Elf:3    | Received a gift from Okawaru
 47527 | Elf:3    | Reached skill level 24 in Polearms
 47585 | Elf:2    | Reached XP level 23. HP: 165/196 MP: 31/31
 47622 | Elf:2    | Received a gift from Okawaru
 48470 | Elf:3    | Identified the amulet "Tihuwk" {Faith MR+ Int+2 Stlth+}
 48539 | Elf:3    | Identified the ring "Ceydyd" {*Slow rF+ rN+ MR+ Str+4}
 48556 | Elf:3    | Received a gift from Okawaru
 48556 | Elf:3    | Identified the +7 spear of Plague {freeze, rElec rPois rC-
                  | SInv}
 48556 | Elf:3    | Identified the ring "Xujoil" {Fire +Blink rElec}
 48591 | Elf:3    | Got a twitching tin ring
 48599 | Elf:3    | Identified the ring "Deqam" {+Fly rPois Stlth+} (You found
                  | it on level 3 of the Elven Halls)
 48622 | Elf:3    | Identified Qasaps's Papyrus of the Voyage
 48627 | Elf:3    | Got a jewelled cloak
 48629 | Elf:3    | Identified the +1 cloak "Unoisal" {rPois rF+} (You found it
                  | on level 3 of the Elven Halls)
 48638 | Elf:3    | Identified Caesiot's Compendium of Fetching Earth
 48641 | Elf:3    | Identified the Collected Works on Damaging Stolen Souls
 48646 | Elf:3    | Got a wavering pewter ring
 48647 | Elf:3    | Identified the ring "Ubyr" {Wiz +Blink Str-3 Dex+3} (You
                  | found it on level 3 of the Elven Halls)
 48992 | Depths:1 | Entered Level 1 of the Depths
 49053 | Depths:1 | Received a gift from Okawaru
 49148 | Depths:1 | Identified the +0 cloak "Zuntipn" {Slay+3 SInv} (You found
                  | it on level 1 of the Depths)
 49277 | Depths:1 | Found a gateway to Hell.
 49331 | Depths:1 | Noticed a caustic shrike
 49407 | Depths:1 | Found Joriarph's Jewellery Boutique.
 49408 | Depths:1 | Found Kotuem's Gadget Shoppe.
 49409 | Depths:1 | Found Ihomuachie's Jewellery Boutique.
 49464 | Depths:1 | Killed a caustic shrike
 49722 | Depths:1 | Received a gift from Okawaru
 50400 | Depths:2 | Reached skill level 25 in Polearms
 50505 | Depths:2 | Reached XP level 24. HP: 204/204 MP: 32/32
 51357 | Depths:2 | Received a gift from Okawaru
 52240 | Depths:2 | Identified the Reference Book on Cold
 52243 | Depths:2 | Identified the Catalogue of the Exiled Cities
 52703 | Depths:3 | Found a one-way gate leading to the halls of Pandemonium.
 53511 | Depths:4 | Found a one-way gate to the infinite horrors of the Abyss.
 53557 | Depths:4 | Noticed a caustic shrike
 53578 | Depths:4 | Killed a caustic shrike
 53598 | Depths:4 | Identified the +9 trident of Destruction {elec, MR++ Dex-2}
 53815 | Depths:4 | Received a gift from Okawaru
 53815 | Depths:4 | Reached skill level 10 in Armour
 54007 | Depths:4 | Received a gift from Okawaru
 54136 | Depths:4 | Identified the cursed ring "Near" {rC+ rN+ Dex-3}
 54558 | Depths:4 | Identified the +5 flail "Foxkuzow" {drain, MP-9 Int+2 Dex+4
                  | Stlth+}
 54892 | Depths:4 | Identified the +1 large shield "Uxkiobuc" {rF+ Dex+3} (You
                  | found it on level 4 of the Depths)
 54984 | Depths:5 | Entered Level 5 of the Depths
 54985 | Depths:5 | Noticed a caustic shrike
 54988 | Depths:5 | Noticed a caustic shrike
 54998 | Depths:5 | Killed a caustic shrike
 55001 | Depths:5 | Noticed a caustic shrike
 55005 | Depths:5 | Killed a caustic shrike
 55005 | Depths:5 | Received a gift from Okawaru
 55005 | Depths:5 | Noticed a caustic shrike
 55009 | Depths:5 | Noticed a caustic shrike
 55016 | Depths:5 | Killed a caustic shrike
 55016 | Depths:5 | Received a gift from Okawaru
 55017 | Depths:5 | Noticed a caustic shrike
 55019 | Depths:5 | Noticed a caustic shrike
 55025 | Depths:5 | Killed a caustic shrike
 55040 | Depths:4 | Killed a caustic shrike
 55040 | Depths:4 | Reached skill level 26 in Polearms
 55040 | Depths:4 | Reached XP level 25. HP: 144/210 MP: 30/34
 55235 | Depths:5 | Reached skill level 15 in Invocations
 55325 | Depths:5 | Found a gate to the Realm of Zot.
 55493 | Depths:5 | Found a gateway to a ziggurat.
 56526 | Snake:1  | Bought faintly glowing storm dragon scales for 3315 gold
                  | pieces
 56526 | Snake:1  | Identified the +7 storm dragon scales of Awe {rElec Int+7}
                  | (You bought it in a shop on level 1 of the Snake Pit)
 56542 | Snake:1  | Bought a scroll of magic mapping for 52 gold pieces
 56542 | Snake:1  | Bought a scroll of magic mapping for 52 gold pieces
 56542 | Snake:1  | Bought a scroll of identify for 30 gold pieces
 56542 | Snake:1  | Bought a scroll of identify for 30 gold pieces
 56542 | Snake:1  | Bought a scroll of identify for 30 gold pieces
 56542 | Snake:1  | Bought a scroll of magic mapping for 52 gold pieces
 56848 | Vaults:5 | Entered Level 5 of the Vaults
 57547 | Vaults:5 | Noticed Margery
 57557 | Vaults:5 | Received a gift from Okawaru
 57565 | Vaults:5 | Killed Margery
 57576 | Vaults:5 | Gained mutation: You are dopey. (Int -2) [a neqoxec]
 57604 | Vaults:4 | Reached skill level 27 in Polearms
 57610 | Vaults:4 | Received a gift from Okawaru
 57683 | Vaults:5 | Paralysed by a floating eye for 3 turns
 57684 | Vaults:5 | HP: 6/210 [ettin/+0 dire flail (17)]
 57684 | Vaults:5 | Noticed Frederick
 57684 | Vaults:5 | Mangled by a stone giant

Levels and vault maps discovered:
D:1:      saegor_arrival_simple_b, layout_rooms
D:2:      minmay_skewed_foursquare, layout_loops_ring, first_ration
D:3:      layout_loops_cross, minmay_misc_feat_chi, makhleb_altar_promises_db,
          uniq_grinder
D:4:      layout_loops_corners, gammafunk_ghost_arena, uniq_duvessa
D:5:      layout_basic, ebering_ghost_sewer_f, basic_altar,
          uniq_crazy_yiuf_cottage
D:6:      layout_basic, serial_co_window_serial, co_window_paths_a,
          co_window_paths_b, co_window_paths_b, co_window_paths_a,
          co_window_corner_a, co_window_broadway_b, co_window_of_opportunity_b,
          co_window_broadway_c, co_window_broadway_b, co_window_4corner_a,
          co_window_paths_d, glass_columns_a, glass_columns_b
D:7:      layout_rooms, minmay_temple_entry_slanted, serial_shops, shop_coins,
          grunt_ogre_cave, minmay_between
D:8:      layout_cave_pods, lemuel_crystal_altar, chequers_serial_rivers_room_b
D:9:      layout_irregular_city, enter_bailey_3, serial_shops, kennysheep_mini
D:10:     layout_roguey, erik_lair_island
D:11:     layout_basic, orc_0_dummy
D:12:     layout_roguey, uniq_josephine, uniq_jorgrun
D:13:     layout_irregular_city, serial_shops, kennysheep_little_box,
          kennysheep_generic_room_12, uniq_azrael
D:14:     layout_loops_corners, lightli_vaults_fourway_checkpoint,
          chequers_serial_rivers_room_b, basic_altar, grunt_decor_mini_mirrors,
          uniq_roxanne
D:15:     grunt_enter_depths_snipers, layout_rooms,
          hangedman_decor_diamond_cutter, lemuel_altar_in_water
Temple:   kilobyte_greek_temple
Lair:1:   layout_regular_city
Lair:2:   layout_long_grid, elwin_shoals_entry_rocks, basic_altar
Lair:3:   layout_layer_cave, chequers_serial_rivers_marsh,
          infiniplex_staircase_pool
Lair:4:   layout_small_grid, guppyfry_snake_entry_garden, grunt_megastairs_3
Lair:5:   layout_cave_pods, slime_altar_1, portal_ice_cave_entry_imps,
          grunt_megastairs_4, uniq_kirke
Lair:6:   grunt_lair_end_beastmaster, layout_regular_city,
          chequers_serial_rivers_micro_b, ice2_lemuel
Shoals:1: layout_shoals
Shoals:2: cheibrodos_shoals_oceanic_diplomacy, layout_shoals, uniq_ilsuiw,
          uniq_polyphemus
Shoals:3: layout_shoals, gammafunk_ghost_tricky_traps, uniq_mara
Shoals:4: shoals_end_simple, layout_shoals, nicolae_shoals_this_corrosion
Snake:1:  layout_cave_shapes, serial_shops, shop, nicolae_shop_trees,
          nicolae_shop_temple_entry_statues_fountains,
          nicolae_shop_behind_doors, nicolae_shop_waterfront, uniq_aizul
Snake:2:  layout_gridlike, serial_shops, shop, nicolae_snake_single_loop,
          uniq_agnes
Snake:3:  layout_basic
Snake:4:  johnstein_snake_rune_scales, layout_cave_town, nicolae_snake_springs,
          uniq_vashnia
Orc:1:    gammafunk_beogh_shrine, layout_diamond_mine
Orc:2:    grunt_orc_community_town_hall, layout_caves,
          grunt_orc_community_big_house_2, grunt_orc_community_big_house_2,
          grunt_orc_community_house_3, grunt_orc_community_house_1,
          grunt_orc_community_house_2, grunt_orc_community_house_1, uniq_maurice
Elf:1:    elf_arrival_002, layout_loops_cross, serial_shops, shop, shop, shop,
          shop, minmay_elf_demonology
Elf:2:    layout_rooms, infiniplex_enter_wizlab_water, serial_shops, shop,
          minmay_elf_annihilation
Elf:3:    minmay_elf_hall_circle, layout_loops_cross, uniq_louise
Vaults:1: sword_in_stone, v_alt_pattern_5, v_misc_8, hangedman_vaults_capsules,
          vaults_room_ringed_pool, hangedman_vaults_restitches,
          nicolae_vaults_ring_of_whatevers, layout_vaults_omnigrid,
          serial_shops, shop, uniq_saint_roka
Vaults:2: grunt_vaults_bifocal, vaults_room_hallway,
          nicolae_vaults_hallways_thing, v_misc_12, vaults_mumra_lcd,
          nicolae_vaults_triangles, blue_anna_dwarven_crypt, v_misc_27,
          vaults_standard_mumra_lines, nicolae_vaults_little_ls, v_misc_15,
          vaults_dpeg_hooks, v_alt_pattern_6, vaults_dpeg_cross,
          layout_vaults_maze, uniq_jory
Vaults:3: nicolae_vaults_puzzle_piece, vaults_standard_mumra_enter_the_diamond,
          nicolae_vaults_border_crossing, nicolae_vaults_big_ls, v_pattern_1,
          hangedman_vaults_nails, nicolae_vaults_display_case,
          ontoclasm_vaults_shuriken, serial_ice_b, nicolae_vaults_rhombus_5,
          vaults_room_door_ring, ontoclasm_vaults_fault, layout_vaults_ring,
          uniq_xtahua
Vaults:4: hangedman_vaults_maws, hangedman_vaults_stretched_pinwheel,
          hangedman_vaults_unwind, v_misc_11, vaults_dpeg_diagonal,
          nicolae_vaults_three_branches, nicolae_vaults_little_squares_4,
          nicolae_vaults_asterisk, vaults_room_semicircle, v_misc_30, v_misc_33,
          ontoclasm_vaults_ring_small, ontoclasm_vaults_decontamination,
          layout_vaults_omnibox
Vaults:5: uniq_frederick, uniq_margery
Depths:1: nicolae_whirlpool, layout_cave_pools, minmay_misc_feat_plants,
          hangedman_coc_ice_floe, kb_rosetta, minmay_shop_grove
Depths:2: mu_elemental_laboratory, layout_cave_pools, pf_hell_entry_tar_river,
          minmay_misc_feat_x, kennysheep_four_rooms,
          infiniplex_staircase_zigzag_1
Depths:3: kennysheep_six_static_rooms, layout_cave_shapes,
          rand_demon_pan_entry_7, chequers_hall_statues_corner_a, hell_entry
Depths:4: minmay_the_grid_net [minmay_the_grid_paths, minmay_the_grid_artifice,
          minmay_the_grid_spikes, minmay_the_grid_square_x,
          minmay_the_grid_stretched_grid, minmay_the_grid_prize_trominoes],
          layout_cave_pools, minmay_misc_feat_tiny, hell_entry, abyss_entry,
          minmay_fire_ice_demons, minmay_staircase_bubble
Depths:5: grunt_x_marks_the_spot, layout_basic, enter_ziggurat_d, hell_entry,
          dk_noncrumbling_3, serial_bayou_shore_a

Skill      XL: |  1  2  3  4  5  6  7  8  9 10 11 12 13 14 15 16 17 18 19 20 21 22 23 24 25 |
---------------+----------------------------------------------------------------------------+-----
Polearms       | 5 7 8 9 12 13 14 15 17 18 19 20 22 23 24 25 26 27 | 27.0
Fighting       | 3 5 7 9 10 11 12 13 14 15 16 17 18 19 20 | 20.0
Armour         | 1 3 5 7 9 10 11 | 11.8
Dodging        | 5 7 10 12 14 15 16 18 19 20 | 20.0
Invocations    | 1 6 8 10 11 13 14 15 | 15.0
Shields        | 4 7 9 11 12 13 14 15 16 17 18 19 20 | 20.0
Throwing       | 3 7 10 13 14 16 | 16.0

Action                   |  1- 3 |  4- 6 |  7- 9 | 10-12 | 13-15 | 16-18 | 19-21 | 22-24 | 25-27 || total
-------------------------+-------+-------+-------+-------+-------+-------+-------+-------+-------++-------
Melee: Trident           |   132 |   180 |   551 |  1332 |   850 |       |       |       |       ||  3045
       Tailslap          |       |       |     2 |     8 |     8 |   113 |       |     3 |     1 ||   135
       Quarterstaff      |       |       |       |    21 |       |       |       |       |       ||    21
       Punch             |       |       |       |     2 |     1 |       |       |       |       ||     3
       Spear             |       |       |       |       |  1601 |  1167 |       |       |       ||  2768
       Demon trident     |       |       |       |       |       |   960 |  2380 |  2464 |   428 ||  6232
Throw: Throwing net      |       |     1 |       |       |       |       |       |       |       ||     1
       Boomerang         |       |       |    20 |    37 |    17 |       |       |       |       ||    74
       Javelin           |       |       |       |       |       |     1 |     3 |    11 |     2 ||    17
Invok: Heroism           |       |       |       |     3 |     2 |     1 |     1 |     3 |     1 ||    11
       Finesse           |       |       |       |       |       |     1 |     2 |     4 |     2 ||     9
 Abil: Evoke Flight      |       |       |       |       |       |       |       |     1 |       ||     1
Evoke: Wand              |       |       |       |       |     3 |       |       |       |       ||     3
  Use: Scroll            |       |       |    19 |    10 |    12 |     8 |     4 |    10 |     4 ||    67
       Potion            |       |       |       |     8 |     1 |     1 |       |     1 |     2 ||    13
 Stab: Held in net/web   |       |     4 |       |       |       |       |       |       |       ||     4
       Distracted        |       |     1 |     1 |       |     2 |     2 |       |     2 |       ||     8
       Sleeping          |       |       |       |       |    10 |     3 |       |       |       ||    13
       Petrified         |       |       |       |       |       |    17 |       |       |       ||    17
  Eat: Chunk             |     1 |     5 |    11 |    16 |    23 |    18 |    18 |    30 |     4 ||   126
       Ration            |       |       |     1 |     4 |     6 |     2 |     3 |     2 |     2 ||    20
Armor: Leather armour    |    10 |       |       |       |       |       |       |       |       ||    10
       Ring mail         |    14 |    23 |    91 |   225 |   237 |   116 |       |       |       ||   706
       Skin              |       |       |       |    63 |       |       |       |       |       ||    63
       Chain mail        |       |       |       |       |    53 |    75 |   195 |   236 |    72 ||   631
Dodge: Dodged            |    56 |    89 |   213 |   634 |  1096 |  1257 |  1071 |  1319 |   229 ||  5964
Block: Shield            |       |       |       |       |   679 |  1001 |  1144 |  1341 |   165 ||  4330
       Large shield      |       |       |       |       |       |       |       |       |    76 ||    76

Table legend:
 A = Non-vault XP
 B = Vault XP
 C = Vault XP percentage of total XP
 D = Non-vault monster count
 E = Vault monster count
 F = Vault count percentage of total count
                 A         B        C        D         E       F
            +---------+---------+-------+---------+---------+-------
      Total |  554313 |  527399 |  48.8 |    1353 |     769 |  36.2
            +---------+---------+-------+---------+---------+-------
        D:1 |      31 |       0 |   0.0 |      20 |       0 |   0.0
        D:2 |      72 |       8 |  10.0 |      27 |       4 |  12.9
        D:3 |     148 |     295 |  66.6 |      25 |       1 |   3.8
        D:4 |    1030 |     419 |  28.9 |      11 |       7 |  38.9
        D:5 |     576 |     351 |  37.9 |      19 |       6 |  24.0
        D:6 |    1001 |       0 |   0.0 |      23 |       0 |   0.0
        D:7 |    1315 |     370 |  22.0 |      24 |       5 |  17.2
        D:8 |    1397 |       0 |   0.0 |      25 |       0 |   0.0
        D:9 |    2579 |       7 |   0.3 |      28 |       4 |  12.5
       D:10 |    5388 |     596 |  10.0 |      49 |       6 |  10.9
       D:11 |    5342 |       0 |   0.0 |      36 |       0 |   0.0
       D:12 |    3597 |    4809 |  57.2 |      33 |       5 |  13.2
       D:13 |    4514 |    2258 |  33.3 |      23 |       6 |  20.7
       D:14 |    3128 |    8174 |  72.3 |      13 |      13 |  50.0
       D:15 |   10507 |    2488 |  19.1 |      30 |       3 |   9.1
     Lair:1 |    4841 |       0 |   0.0 |      24 |       0 |   0.0
     Lair:2 |   10051 |       0 |   0.0 |      31 |       0 |   0.0
     Lair:3 |    1826 |     538 |  22.8 |      10 |       2 |  16.7
     Lair:4 |    4014 |     936 |  18.9 |      14 |       4 |  22.2
     Lair:5 |    2016 |    2881 |  58.8 |       6 |      16 |  72.7
     Lair:6 |   14278 |   12636 |  46.9 |      59 |      37 |  38.5
   Shoals:1 |   11478 |       0 |   0.0 |      25 |       0 |   0.0
   Shoals:2 |   23250 |   15696 |  40.3 |      44 |      20 |  31.2
   Shoals:3 |   25310 |   13665 |  35.1 |      43 |      10 |  18.9
   Shoals:4 |   17417 |   23643 |  57.6 |      40 |      36 |  47.4
    Snake:1 |    9699 |    1647 |  14.5 |      21 |       1 |   4.5
    Snake:2 |   13045 |    2065 |  13.7 |      26 |       1 |   3.7
    Snake:3 |   18686 |    3661 |  16.4 |      35 |      11 |  23.9
    Snake:4 |   24207 |   53618 |  68.9 |      45 |      81 |  64.3
      Orc:1 |    1770 |    8217 |  82.3 |      44 |      18 |  29.0
      Orc:2 |    1364 |    8057 |  85.5 |      13 |      64 |  83.1
      Elf:1 |   13094 |    7790 |  37.3 |      21 |      12 |  36.4
      Elf:2 |    6621 |   39082 |  85.5 |      15 |      45 |  75.0
      Elf:3 |   15657 |   38728 |  71.2 |      26 |      27 |  50.9
   Vaults:1 |   24373 |   30772 |  55.8 |      51 |      35 |  40.7
   Vaults:2 |   41894 |   21047 |  33.4 |      69 |      38 |  35.5
   Vaults:3 |   18034 |   26967 |  59.9 |      34 |      30 |  46.9
   Vaults:4 |   43238 |   31931 |  42.5 |      76 |      31 |  29.0
   Vaults:5 |    5129 |   36245 |  87.6 |       4 |      33 |  89.2
   Depths:1 |   33688 |   11629 |  25.7 |      42 |       9 |  17.6
   Depths:2 |   24606 |   17177 |  41.1 |      39 |      31 |  44.3
   Depths:3 |    9422 |    6677 |  41.5 |      15 |       7 |  31.8
   Depths:4 |   42057 |   53317 |  55.9 |      34 |      46 |  57.5
   Depths:5 |   41135 |   28645 |  41.1 |      28 |      17 |  37.8
     Bailey |       0 |    1400 | 100.0 |       0 |      16 | 100.0
      IceCv |       0 |    3635 | 100.0 |       0 |      26 | 100.0
     WizLab |   11488 |    5322 |  31.7 |      33 |       5 |  13.2
            +---------+---------+-------+---------+---------+-------
